 Dungeon Crawl Stone Soup version 0.30-a0-949-g53dc5368d7 (webtiles) character file.

Game seed: 18038496078199629288

504 Darkkill the Shooter (level 6, 0/56 HPs)
             Began as a Minotaur Hunter on Mar 27, 2023.
             Succumbed to a scorpion's poison
             ... on level 4 of the Dungeon.
             The game lasted 00:04:23 (3345 turns).

Darkkill the Shooter (Minotaur Hunter)              Turns: 3345, Time: 00:04:23

Health: 0/56       AC:  5    Str: 15    XL:     6   Next: 96%
Magic:  5/5        EV: 13    Int:  6    God:
Gold:   161        SH:  0    Dex: 16    Spells: 5/5 levels left

rFire   . . .      SeeInvis +    a - +0 shortbow
rCold   . . .      Faith    .    (shield currently unavailable)
rNeg    . . .      Spirit   .    c - +0 leather armour
rPois   .          Reflect  .    (helmet restricted)
rElec   .          Rampage  .    (no cloak)
rCorr   .                        l - +1 pair of gloves
Will    .....                    (no boots)
Stlth   ++                       f - amulet of regeneration
HPRegen 1.09/turn                d - ring of see invisible
MPRegen 0.09/turn                (no ring)

@: lethally poisoned (0 -> -14)
A: horns 2, retaliatory headbutt
a: no special abilities


You were on level 4 of the Dungeon.
You visited 1 branch of the dungeon, and saw 4 of its levels.

You collected 161 gold pieces.

Inventory:

Hand Weapons
 a - a +0 shortbow (weapon)
Missiles
 e - 6 poisoned darts
 g - 17 stones
 o - 3 boomerangs
Armour
 c - a +0 leather armour (worn)
 l - a +1 pair of gloves (worn)
Jewellery
 d - a ring of see invisible (left hand)
 f - an amulet of regeneration (around neck)
 m - an amulet of magic regeneration
Scrolls
 b - a scroll of immolation
 h - 2 scrolls of amnesia
 n - 2 scrolls of blinking
Potions
 i - 3 potions of curing {@q1}
 j - a potion of lignification
 k - a potion of might {unknown}
 p - a potion of degeneration {unknown}
 q - a potion of invisibility


   Skills:
 + Level 5.0 Fighting
 + Level 5.9 Ranged Weapons
 + Level 4.5 Dodging
 + Level 3.2 Stealth


You had 5 spell levels left.
You didn't know any spells.
Your spell library was empty.

Dungeon Overview and Level Annotations

Branches:
Dungeon (4/15)
 Temple: D:4-7

Altars:
Ashenzari
Dithmenos
Fedhas
Ru
Xom


Innate Abilities, Weirdness & Mutations

You have a pair of horns on your head.
You reflexively headbutt those who attack you in melee.


Message History

Found a war axe.
You open the door.
There is an open door here.
You open the door.
There is an open door here.
A hobgoblin, a quokka and an adder come into view.
You shoot an arrow. The arrow hits the hobgoblin.
You kill the hobgoblin!
The adder hisses angrily.
An adder is nearby!
You shoot an arrow. The arrow closely misses the adder.
You shoot an arrow. The arrow hits the adder!
The adder is almost dead.
There are monsters nearby!
There are monsters nearby!
You shoot an arrow. The arrow closely misses the adder.
You shoot an arrow. The arrow closely misses the adder.
The adder closely misses you. You furiously retaliate!
You headbutt the adder!
You kill the adder!
A quokka is nearby!
You shoot an arrow. The arrow hits the quokka!
You kill the quokka!
You see here an adder corpse.
You see here an adder corpse.
There is an open door here.
You open the door.
There is an open door here.
An orc and 2 goblins come into view.
Found 7 stones.
You shoot an arrow. The arrow hits the goblin!
You kill the goblin!
The orc shouts!
The goblin shouts!
A scorpion comes into view.
You shoot an arrow. The arrow hits the scorpion!
The scorpion is heavily wounded.
A kobold comes into view. It is wielding a +0 short sword.
There are monsters nearby!
You shoot an arrow.
The arrow hits the scorpion but does no damage.
The scorpion is heavily wounded.
The scorpion stings you but does no damage.
The orc misses you. You furiously retaliate!
You headbutt the orc.
A phantom comes into view.
The scorpion closely misses you.
There are monsters nearby!
You shoot an arrow. The arrow hits the scorpion.
The scorpion is severely wounded.
The scorpion stings you.
You are poisoned.
The scorpion poisons you! The orc barely misses you. The scorpion stings you!
You are more poisoned.
The scorpion poisons you!
There are monsters nearby!
You shoot an arrow.
The arrow hits the scorpion but does no damage.
The scorpion is severely wounded.
You feel extremely sick. The orc hits you but does no damage.
The scorpion stings you. The orc hits you but does no damage.
There are monsters nearby!
You are too injured to fight recklessly!
There are monsters nearby!
You feel very sick.
There is an open door here.
You feel very sick.
Fire: a) +0 shortbow
Press: ? - help, Q - select action, (/) - cycle Shift-Dir - straight line, f/p - scorpion
Aim: a scorpion (heavily wounded, 64% to hit)
You shoot an arrow. The arrow barely misses the scorpion.
The arrow hits the goblin.
You kill the goblin!
You feel very sick. The scorpion misses you. The scorpion stings you!
You are more poisoned.
The scorpion poisons you!
Fire: a) +0 shortbow
Press: ? - help, Q - select action, (/) - cycle Shift-Dir - straight line, f/p - scorpion
Aim: a scorpion (heavily wounded, 64% to hit)
You shoot an arrow.
The arrow hits the scorpion but does no damage.
The scorpion is heavily wounded.
You feel very sick. The scorpion barely misses you.
Fire: a) +0 shortbow
Press: ? - help, Q - select action, (/) - cycle Shift-Dir - straight line, f/p - scorpion
Aim: a scorpion (heavily wounded, 64% to hit)
You shoot an arrow. The arrow hits the scorpion.
The scorpion is severely wounded.
You feel very sick. The scorpion stings you!
* * * LOW HITPOINT WARNING * * *
You are lethally poisoned!
The scorpion poisons you! The scorpion stings you.
* * * LOW HITPOINT WARNING * * *
Fire: a) +0 shortbow
Press: ? - help, Q - select action, (/) - cycle Shift-Dir - straight line, f/p - scorpion
Aim: a scorpion (severely wounded, 64% to hit)
You shoot an arrow. The arrow hits the scorpion.
You kill the scorpion!
You die...

###.#..#.##....###
#
#.##÷#..#.##†.##.#
#..##.#..#.##....#
##..##.#..#.##..##
#....##.#..#.##..#
#.##..##.#..#.##.#
###....##.#..#.###
#...##).##.#..#.##
#.###...###.....@#
###...###.#..#.#'#
#.)†###.#..#.###o#
#.###.#..#.###)KW#
#'#.#..#.###W...##
#.# ..♣ #
#.#..#.###....#.
###.#.#.♣ ♣..
...#.### (.##.##
..... ..♣ ♣♣.#
#..### # #
#.#.###.♣♣♣♣..#
#################
#.#............


You could see a phantom, an orc and a kobold.

Vanquished Creatures
  A phantom (D:3)
  2 scorpions (D:4)
  2 hounds
  A sleepcap (D:4)
  Natasha (thrice) (D:2)
  An iguana (D:4)
  Robin (D:2)
  4 adders
  A gnoll (D:1)
  A worm (D:2)
  2 dart slugs
  9 orcs
  2 bats
  5 endoplasms
  4 giant cockroaches
  15 goblins
  11 hobgoblins
  3 jackals
  6 kobolds
  7 quokkas
  6 ball pythons
  3 frilled lizards
  29 rats
119 creatures vanquished.

Vanquished Creatures (others)
  A ball python (D:3)
1 creature vanquished.

Grand Total: 120 creatures vanquished

Notes
Turn   | Place    | Note
-------+----------+-------------------------------------------
     0 | D:1      | Darkkill the Minotaur Hunter began the quest for the Orb.
     0 | D:1      | Reached XP level 1. HP: 18/18 MP: 0/0
    73 | D:1      | Reached skill level 1 in Stealth
    73 | D:1      | Reached XP level 2. HP: 25/25 MP: 1/1
   350 | D:1      | Reached XP level 3. HP: 30/30 MP: 2/2
   687 | D:2      | Noticed Natasha
   693 | D:2      | Killed Natasha
   697 | D:2      | Noticed Robin
   704 | D:2      | Killed Robin
   705 | D:2      | Reached XP level 4. HP: 25/38 MP: 3/3
   763 | D:2      | Reached skill level 5 in Ranged Weapons
   971 | D:2      | Noticed Natasha
   976 | D:2      | Killed Natasha
  1122 | D:2      | Noticed Natasha
  1132 | D:2      | Killed Natasha
  1133 | D:2      | Reached XP level 5. HP: 20/46 MP: 4/4
  1487 | D:3      | Found a faded altar of an unknown god.
  2019 | D:3      | Found a shimmering altar of Xom.
  2129 | D:3      | Noticed a phantom
  2135 | D:3      | Killed a phantom
  2136 | D:3      | Reached XP level 6. HP: 50/53 MP: 5/5
  2265 | D:3      | Found a broken altar of Ashenzari.
  2266 | D:3      | Found a blossoming altar of Fedhas.
  2269 | D:3      | Found a shadowy altar of Dithmenos.
  2271 | D:3      | Found a sacrificial altar of Ru.
  3165 | D:4      | Reached skill level 5 in Fighting
  3344 | D:4      | HP: 5/56 [scorpion (7)]
  3345 | D:4      | Succumbed to a scorpion's poison

Illustrated notes

Levels and vault maps discovered:
D:1:      lemuel_arrival_river_bridge, layout_rooms, nrook_mini_vaults,
          grunt_decor_clamped
D:2:      layout_basic, uniq_robin, uniq_natasha
D:3:      layout_loops_corners, minitemple, xom_confusion_cloud,
          nicolae_ecumenical_pavilion, st_stairs_1,
          chequers_serial_rivers_room_b, minmay_rat_hole
D:4:      minmay_razor_zed, layout_basic, nrook_campfire

Skill      XL: |  1  2  3  4  5  6 |
---------------+-------------------+-----
Stealth        | 1 2 3 |  3.2
Fighting       | 3 4 5 |  5.0
Dodging        | 3 4 |  4.5
Ranged Weapons | 5 |  5.9

Action                     |  1- 3 |  4- 6 || total
---------------------------+-------+-------++-------
   Fire: Shortbow          |    71 |   216 ||   287
    Use: Scroll            |     3 |     7 ||    10
 Armour: Leather armour    |     5 |    21 ||    26
  Dodge: Dodged            |    12 |    45 ||    57

Table legend: (Time is in decaauts)
 A = Elapsed time spent in this place.
 B = Non-inter-level travel time spent in this place.
 C = Inter-level travel time spent in this place.
 D = Time resting spent in this place.
 E = Time spent auto-exploring this place.
 F = Levels seen in this place.
 G = Mean time per level.
                   A        B        C        D        E       F      G
               +--------+--------+--------+--------+--------+-----+--------+
         Total |   3437 |   3312 |    125 |    100 |   2657 |   4 |  859.2 |
       Dungeon |   3437 |   3312 |    125 |    100 |   2657 |   4 |  859.2 |
               +--------+--------+--------+--------+--------+-----+--------+

Top non-repeatable levels by time:
     D:3: 1268 daAuts
     D:2: 845 daAuts
     D:4: 697 daAuts
     D:1: 626 daAuts

Table legend:
 A = Kills in this place as a percentage of kills in the entire game.
 B = Kills by you in this place as a percentage of kills by you in the entire game.
 C = Kills by friends in this place as a percentage of kills by friends in the entire game.
 D = Other kills in this place as a percentage of other kills in the entire game.
 E = Experience gained in this place as a percentage of experience gained in the entire game.
 F = Experience gained in this place divided by the number of levels of this place that you have seen.
                   A       B       C       D       E      F
               +-------+-------+-------+-------+-------+----------------------
         Total | 100.0 | 100.0 |   N/A |   N/A | 100.0 | 200.2
       Dungeon | 100.0 | 100.0 |   N/A |   N/A | 100.0 | 200.2
               +-------+-------+-------+-------+-------+----------------------
